 Dungeon Crawl Stone Soup version 0.14.1-26-g5a19342 (webtiles) character file.

516 Kae the Insei (level 6, -4/51 HPs)
             Began as a Naga Transmuter on July 27, 2014.
             Slain by Crazy Yiuf
             ... wielding a +3,+3 quarterstaff of chaos
              (15 damage)
             ... on Level 3 of the Dungeon.
             The game lasted 00:03:47 (2693 turns).

Kae the Insei (Naga Transmuter)                     Turns: 2693, Time: 00:03:48

HP  -4/51        AC  4     Str 12      XL: 6   Next: 86%
MP  10/10        EV 10     Int 14      God:
Gold 113         SH  0     Dex 13      Spells:  1 memorised,  8 levels left

rFire  . . .     SeeInvis +     k - +2,+1 dagger (elec)
rCold  . . .     Clarity  .     c - +1 robe
rNeg   . . .     Conserve .     (no shield)
rPois  +         rCorr    .     (helmet restricted)
rElec  .         rRot     .     (no cloak)
SustAb . .       Spirit   .     (no gloves)
rMut   .         Warding  .     (no barding)
Saprov . . .     Stasis   +     o - amulet of stasis {unknown}
MR     .....                    (no ring)
                                (no ring)

@: appendage, drained, very slow, not resistant to hostile enchantments,
unstealthy
A: spit poison, horns 2, see invisible, deformed body, poison resistance,
slowness 2, AC +2
a: Spit Poison, End Transformation


You were on level 3 of the Dungeon.
You were not hungry.
You had grown temporary horns.
You visited 1 branch of the dungeon, and saw 3 of its levels.

You collected 113 gold pieces.

Inventory:

Hand weapons
 k - a +2,+1 dagger of electrocution (weapon)
 m - a +0,+0 spear
Missiles
 b - 12 arrows
Armour
 c - a +1 robe (worn)
Comestibles
 a - 2 bread rations
 g - an apple
 l - 2 pears
 n - a meat ration
Scrolls
 h - a scroll of identify
 i - a scroll of amnesia
Jewellery
 f - an uncursed ring of ice
 o - an amulet of stasis (around neck) {unknown}
Books
 d - a book of Changes

   Spells                             Type                      Level
   *Beastly Appendage                 Transmutation                1
   Sticks to Snakes                   Transmutation                2
   Spider Form                        Transmutation/Poison         3
   Ice Form                           Ice/Transmutation            4
   Blade Hands                        Transmutation                5


   Skills:
 - Level 1.0(0.7) Fighting
 - Level 1.5(1.2) Dodging
 * Level 6.4(6.0) Unarmed Combat
 - Level 2.0(1.7) Spellcasting
 + Level 4.2(3.8) Transmutations


You had 8 spell levels left.
You knew the following spells:

 Your Spells              Type           Power        Failure   Level  Hunger
a - Beastly Appendage     Trmt           ##....       6%          1    ##.....


Dungeon Overview and Level Annotations

Branches:
Dungeon (3/15)

Altars:

Annotations:
D:3 Crazy Yiuf


Innate Abilities, Weirdness & Mutations

You cannot wear boots.
You can spit poison.
Your serpentine skin is tough (AC +2).
You have supernaturally acute eyesight.
Armour fits poorly on your strangely shaped body.
Your system is resistant to poisons.
You cover ground very slowly.
You have a pair of horns on your head.


Message History

Confirm with . or Enter, or press ? or * to list all spells.
You grow a pair of large bovine horns.
Crazy Yiuf says, "Cod!"
You hit Crazy Yiuf but do no damage.
Crazy Yiuf hits you with a quarterstaff of chaos!
You barely miss Crazy Yiuf.
Crazy Yiuf says, "Mountain!
Goober cower head."
Crazy Yiuf hits you with a quarterstaff of chaos.
Crazy Yiuf freezes you.
You barely miss Crazy Yiuf. Crazy Yiuf misses you.
You hit Crazy Yiuf but do no damage.
Crazy Yiuf hits you with a quarterstaff of chaos!
You feel drained.
You barely miss Crazy Yiuf.
Crazy Yiuf hits you with a quarterstaff of chaos!
* * * LOW HITPOINT WARNING * * *
You hit Crazy Yiuf.
Crazy Yiuf is lightly wounded.
Crazy Yiuf hits you with a quarterstaff of chaos!
You die...

##### #)..#
#...# ######
... ###
#..... #g#
#.# #.####
#@##
#.#####.####
##.#
#..........#
#.##
#.#####.##..
##.# #.#
#.##.. ##.##
### #.....
##...#
###...
#..#.# #.#.
#....#
#######)#.
##....###
#.......#.


You could see Crazy Yiuf.

Vanquished Creatures
  Grinder (D:3)
  A crocodile (D:3)
  3 adders
  2 worms (D:2)
  An ooze (D:2)
  An orc (D:3)
  A ball python (D:1)
  4 bats
  5 giant cockroaches
  4 hobgoblins
  13 jackals
  2 quokkas
  A giant gecko (D:1)
  A giant newt (D:2)
  11 goblins
  7 kobolds
  8 rats
66 creatures vanquished.

Notes
Turn   | Place    | Note
--------------------------------------------------------------
     0 | D:1      | Kae, the Naga Transmuter, began the quest for the Orb.
     0 | D:1      | Reached XP level 1. HP: 18/18 MP: 3/3
    81 | D:1      | Reached XP level 2. HP: 5/25 MP: 2/4
   757 | D:1      | Reached XP level 3. HP: 11/31 MP: 6/6
  1191 | D:2      | Reached skill level 4 in Unarmed Combat
  1631 | D:2      | Reached XP level 4. HP: 24/38 MP: 7/7
  2403 | D:3      | Noticed Grinder
  2407 | D:3      | Killed Grinder
  2407 | D:3      | Reached skill level 6 in Unarmed Combat
  2407 | D:3      | Reached XP level 5. HP: 44/44 MP: 9/9
  2407 | D:3      | Reached XP level 6. HP: 51/51 MP: 10/10
  2685 | D:3      | Noticed Crazy Yiuf
  2693 | D:3      | Slain by Crazy Yiuf

Action                   |  1- 3 |  4- 6 || total
-------------------------+-------+-------++-------
Melee: Unarmed           |    85 |       ||    85
       Dagger            |    47 |    67 ||   114
 Cast: Beastly Appendage |     8 |    11 ||    19
 Abil: Spit Poison       |     6 |     3 ||     9
  Use: Scroll            |     1 |     5 ||     6
       Potion            |       |     3 ||     3
